 Dungeon Crawl Stone Soup version 0.26-a0-1191-ge2a0e31ab3 (webtiles) character file.

Game seed: 3221656352414903341

765 Azzok the Chopper (level 7, -7/55 HPs)
             Began as a Demonspawn Fighter on Dec 28, 2020.
             Was a Follower of Okawaru.
             Mangled by Eustachio
             ... wielding a +2 rapier of electrocution
              (13 damage)
             ... on level 6 of the Dungeon.
             The game lasted 00:05:57 (5533 turns).

Azzok the Chopper (Demonspawn Fighter)              Turns: 5533, Time: 00:05:58

Health: -7/55      AC: 11    Str: 19    XL:     7   Next: 51%
Magic:  0/9        EV:  3    Int:  9    God:    Okawaru [*.....]
Gold:   241        SH: 13    Dex: 12    Spells: 6/6 levels left

rFire    + . .     SeeInvis .   m - +0 hand axe (venom)
rCold    + . .     Faith    .   c - +0 kite shield
rNeg     . . .     Spirit   +   p - +0 plate armour
rPois    .         Reflect  .   (helmet restricted)
rElec    .         Harm     .   l - scarf {rC+ rF+}
rCorr    .         Rampage  .   (no gloves)
Will     .....                  (no boots)
Stlth    ..........             j - amulet of guardian spirit
HPRegen  0.18/turn              (no ring)
MPRegen  0.11/turn              (no ring)

@: no status effects
A: antennae 1, large bone plates 1, powered by pain 2
a: Renounce Religion, Heroism


You were on level 6 of the Dungeon.
You worshipped Okawaru.
Okawaru was aware of your devotion.
You visited 2 branches of the dungeon, and saw 7 of its levels.
You also visited: Sewer.

You collected 251 gold pieces.
You spent 10 gold pieces at shops.

Inventory:

Hand Weapons
 a - a +0 war axe
 m - a +0 hand axe of venom (weapon)
Armour
 c - a +0 kite shield (worn)
 l - a scarf of resistance (worn)
 p - a +0 plate armour (worn)
 x - a scarf of repulsion
Jewellery
 j - an amulet of guardian spirit (around neck)
Scrolls
 b - 3 scrolls of fog {unknown}
 e - a scroll of enchant weapon {unknown}
 f - 4 scrolls of identify
 g - a scroll of enchant armour {unknown}
 h - 2 scrolls of teleportation {unknown}
 i - 4 scrolls of magic mapping {unknown}
 n - a scroll of blinking {unknown}
 t - a scroll of immolation {unknown}
 w - 2 scrolls of amnesia {unknown}
 y - 4 scrolls of remove curse {unknown}
Potions
 d - 3 potions of might
 k - 5 potions of flight
 o - 2 potions of curing
 q - a potion of haste
 r - 3 potions of heal wounds
 s - a potion of resistance {unknown}
 u - 2 potions of ambrosia {unknown}
 v - a potion of attraction
 z - a potion of brilliance {unknown}


   Skills:
 + Level 4.6 Fighting
 * Level 4.9 Axes
 + Level 4.1 Armour
 + Level 4.1 Shields
 + Level 3.2 Invocations


You had 6 spell levels left.
You didn't know any spells.
Your spell library contained the following spells:

 Spells                   Type           Power        Failure   Level
 Magic Dart               Conj           0%           100%        1
 Blink                    Tloc           N/A          100%        2
 Call Imp                 Summ           0%           100%        2
 Slow                     Hex            0%           100%        2
 Conjure Flame            Conj/Fire      0%           100%        3
 Mephitic Cloud           Conj/Pois/Air  0%           100%        3


Dungeon Overview and Level Annotations

Branches:
Dungeon (6/15)             Temple (1/1) D:4           Sewer (visited)

Altars:
Ashenzari
Cheibriados
Dithmenos
Elyvilon
Fedhas
Kikubaaqudgha
Nemelex Xobeh
Okawaru
Qazlal
Sif Muna
Trog
Xom
Yredelemnul
Zin
The Shining One

Shops:
D:4 =:}!

Annotations:
D:6 Eustachio


Innate Abilities, Weirdness & Mutations

You have a pair of small antennae on your head.
You are partially covered in large bone plates. (SH +4)
You sometimes gain power by taking damage.


Message History

You slash Eustachio!
Eustachio looks as sick as possible!
Eustachio is heavily wounded.
You hit the rat.
You kill the rat!
The rat's corpse disappears in a puff of smoke!
Eustachio hits you with a +2 rapier of electrocution.
You hit Eustachio.
Eustachio looks as sick as possible!
Eustachio is heavily wounded.
Eustachio gestures wildly while chanting.
Eustachio hits you but does no damage.
You are electrocuted!!
* * * LOW HITPOINT WARNING * * *
You hit Eustachio.
Eustachio looks as sick as possible!
Eustachio is severely wounded.
Your shield and plate armour prevent you from hitting the bat.
The bat hits you but does no damage.
Eustachio hits you with a +2 rapier of electrocution.
* * * LOW MAGIC WARNING * * *;
* * * LOW HITPOINT WARNING * * *
You are electrocuted!
* * * LOW MAGIC WARNING * * *
You die...

▒·····▒▒·····▒▒·▒▒ ▒▒▒········▒
······▒·······▒·▒ ▒▒···········
······▒·······▒·▒ ▒▒············
··········_·····▒ ▒▒·············
······▒·······▒·▒▒▒··············
··▒···▒····)·)▒·▒▒···············
·▒▒▒··▒▒·····▒▒·▒················
·▒ ▒··▒▒▒▒·▒▒▒▒·▒·b·············
·▒ ▒···········@@··5···········
·▒ ▒···▒▒▒▒▒▒·▒··············▒
··▒▒▒▒▒▒ ▒··r············· ··▒
▒▒▒▒············ ··▒
▒(··▒▒▒······ ·▒▒ ▒···▒▒ ▒▒▒▒· ·▒
▒···▒▒ ▒···▒▒ ▒···▒


You could see Eustachio (extremely poisoned), a crimson imp (summoned,
poisoned), a river rat (summoned) and a bat (summoned).

Vanquished Creatures
  An ogre (D:6)
  2 centaurs (D:5)
  A big kobold (Sewer)
  A scorpion (D:5)
  An orc priest (D:6)
  An orc wizard (D:6)
  Natasha (D:4)
  An iguana (D:5)
  A worker ant (D:4)
  3 gnolls (D:6)
  7 adders
  2 river rats
  A shadow imp (D:5)
  An ufetubus (D:6)
  4 oozes
  An adder zombie (D:6)
  2 worms
  2 dart slugs
  2 leopard geckos
  14 orcs
  9 giant cockroaches
  12 goblins
  6 hobgoblins
  2 jackals (Sewer)
  9 kobolds
  A quokka (D:2)
  A ball python (D:2)
  9 bats
  10 frilled lizards
  13 rats
121 creatures vanquished.

Notes
Turn   | Place    | Note
-------+----------+-------------------------------------------
     0 | D:1      | Azzok the Demonspawn Fighter began the quest for the Orb.
     0 | D:1      | Reached XP level 1. HP: 18/18 MP: 1/1
    38 | D:1      | Gained mutation: You sometimes gain a little power by
                  | taking damage. [demonic ancestry]
    38 | D:1      | Reached XP level 2. HP: 18/24 MP: 2/2
   379 | D:1      | Gained mutation: You sometimes gain power by taking damage.
                  | [demonic ancestry]
   379 | D:1      | Reached XP level 3. HP: 29/29 MP: 3/3
  1539 | D:2      | Reached XP level 4. HP: 11/35 MP: 4/4
  1845 | D:3      | Found a glowing silver altar of Zin.
  2455 | D:3      | Found a shimmering blue altar of Sif Muna.
  2636 | D:4      | Found Zoost's Book Emporium.
  2637 | D:4      | Found Plog's Jewellery Emporium.
  2637 | D:4      | Found Sosaj's Distillery.
  2639 | D:4      | Found Joibefoged's Gadget Emporium.
  2650 | D:4      | Bought a potion of degeneration for 10 gold pieces
  2768 | D:4      | Gained mutation: You have a pair of small antennae on your
                  | head. [demonic ancestry]
  2768 | D:4      | Reached XP level 5. HP: 42/42 MP: 5/5
  2911 | D:4      | Found a shadowy altar of Dithmenos.
  3035 | D:4      | Found a staircase to the Ecumenical Temple.
  3140 | D:4      | Noticed Natasha
  3144 | D:4      | Killed Natasha
  3249 | Temple   | Entered the Ecumenical Temple
  3322 | Temple   | Became a worshipper of Warmaster Okawaru
  3392 | D:5      | Entered Level 5 of the Dungeon
  3426 | D:5      | Found a glowing drain.
  3444 | Sewer    | Entered a sewer
  3546 | Sewer    | Reached skill level 1 in Invocations
  3546 | Sewer    | Gained mutation: You are partially covered in large bone
                  | plates. (SH +4) [demonic ancestry]
  3546 | Sewer    | Reached XP level 6. HP: 19/48 MP: 6/6
  3798 | Sewer    | Found a white marble altar of Elyvilon.
  3919 | D:5      | Reached * piety under Okawaru
  4517 | D:5      | Reached XP level 7. HP: 55/55 MP: 8/8
  4944 | D:6      | Found a bloodstained altar of Trog.
  5512 | D:6      | Noticed Eustachio
  5533 | D:6      | Mangled by Eustachio

Illustrated notes

Levels and vault maps discovered:
D:1:      ncdulo_wetmaze, layout_rooms
D:2:      layout_basic
D:3:      layout_loops_ring, led_sif_pool, lemuel_doored_altar
D:4:      layout_loops_cross, minmay_temple_entry_fiery,
          minmay_shop_grid_forest, grunt_dithmenos_smoke, uniq_natasha
D:5:      layout_loops_ring, cheibrodos_sewer_entry_sluice,
          minmay_misc_feat_five
D:6:      layout_cave_pods, old_standard_altar, uniq_eustachio
Temple:   eino_temple_rhombus

Skill      XL: |  1  2  3  4  5  6  7 |
---------------+----------------------+-----
Axes           | 2 3 4 |  4.9
Armour         | 3 4 |  4.1
Shields        | 3 4 |  4.1
Fighting       | 4 |  4.6
Invocations    | 1 2 3 |  3.2

Action                   |  1- 3 |  4- 6 |  7- 9 || total
-------------------------+-------+-------+-------++-------
Melee: War axe           |    98 |    47 |       ||   145
       Hand axe          |       |   119 |    62 ||   181
  Use: Scroll            |       |       |     6 ||     6
Armor: Scale mail        |    47 |    18 |       ||    65
       Plate armour      |       |    60 |    34 ||    94
Dodge: Dodged            |    39 |    40 |    10 ||    89
Block: Kite shield       |    62 |    93 |    47 ||   202

Table legend: (Time is in decaauts)
 A = Elapsed time spent in this place.
 B = Non-inter-level travel time spent in this place.
 C = Inter-level travel time spent in this place.
 D = Time resting spent in this place.
 E = Time spent auto-exploring this place.
 F = Levels seen in this place.
 G = Mean time per level.
                   A        B        C        D        E       F      G
               +--------+--------+--------+--------+--------+-----+--------+
         Total |   5664 |   5387 |    277 |    409 |   4086 |   8 |  708.0 |
       Dungeon |   5152 |   4891 |    261 |    384 |   3681 |   6 |  858.7 |
        Temple |     89 |     73 |     16 |      0 |     59 |   1 |   89.0 |
         Sewer |    423 |    423 |      0 |     25 |    346 |   1 |  423.0 |
               +--------+--------+--------+--------+--------+-----+--------+

Top non-repeatable levels by time:
     D:2: 1348 daAuts
     D:5: 917 daAuts
     D:6: 845 daAuts
     D:3: 821 daAuts
     D:4: 692 daAuts
     D:1: 527 daAuts
   Sewer: 423 daAuts
  Temple: 89 daAuts
